 Dungeon Crawl Stone Soup version 0.29.0-4-gdea44cf6ec (webtiles) character file.

Game seed: 16737566757337352294

105 qw the Chopper (level 4, 0/26 HPs)
             Began as a Tengu Warper on Aug 28, 2022.
             Slain by a gnoll
             ... wielding a +0 flail
              (1 damage)
             ... on level 3 of the Dungeon.
             The game lasted 00:00:14 (2240 turns).

qw the Chopper (Tengu Warper)                       Turns: 2240, Time: 00:00:14

Health: 0/26       AC: 10    Str: 14    XL:     4   Next: 81%
Magic:  8/8        EV:  9    Int: 13    God:
Gold:   95         SH:  0    Dex: 13    Spells: 7/7 levels left

rFire   . . .      SeeInvis .   Y - +1 hand axe
rCold   . . .      Faith    .   (no shield)
rNeg    . . .      Spirit   .   c - +0 scale mail
rPois   .          Reflect  .   (helmet restricted)
rElec   .          Harm     .   (no cloak)
rCorr   .          Rampage  .   (no gloves)
Will    +....                   (boots unavailable)
Stlth   ..........              (no amulet)
HPRegen 0.08/turn               i - +4 ring of protection
MPRegen 0.11/turn               m - ring of willpower

@: no status effects
A: beak, talons 3
a: no special abilities


You were on level 3 of the Dungeon.
You visited 1 branch of the dungeon, and saw 3 of its levels.

You collected 95 gold pieces.


Innate Abilities, Weirdness & Mutations

You have a beak for a mouth.
You have claws for feet.


   Skills:
 - Level 2.0 Fighting
 + Level 5.3 Axes
 - Level 1.0 Throwing
 - Level 1.1 Armour
 - Level 2.1 Dodging
 - Level 2.0 Spellcasting
 - Level 2.4 Translocations


You had 7 spell levels left.
You didn't know any spells.
Your spell library contained the following spells:

 Spells                   Type           Power      Damage    Failure   Level
 Blink                    Tloc           14%        N/A       54%         2
 Gell's Gravitas          Tloc           7%         N/A       77%         3
 Lesser Beckoning         Tloc           7%         N/A       77%         3
 Teleport Other           Tloc           7%         N/A       77%         3
 Manifold Assault         Tloc           7%         N/A       100%        5

Inventory:

Hand Weapons
 e - a +0 flail
 Y - a +1 hand axe (weapon)
Armour
 c - a +0 scale mail (worn)
Jewellery
 i - a +4 ring of protection (left hand)
 m - a ring of willpower (right hand)
Scrolls
 a - a scroll of teleportation {unknown}
 n - 2 scrolls of identify
Potions
 b - a potion of mutation {unknown}
 d - a potion of resistance {unknown}
 f - a potion of attraction {unknown}
 g - a potion of cancellation {unknown}
 h - a potion of might {unknown}
 j - a potion of curing
 k - a potion of haste
 l - a potion of invisibility {unknown}

Dungeon Overview and Level Annotations

Branches:
Dungeon (3/15)

Altars:
Fedhas


Message History

The gnoll shouts!
You hear a shout! x4
Enter note: The gnoll barely misses you. 2 gnolls come into view.
The gnoll shouts! x2; You hear a shout!
The gnoll hits you but does no damage.
A gnoll comes into view. It is wielding a +0 spear.
A bat comes into view.
The gnoll moves out of view.
You barely miss the gnoll. You peck the gnoll.
The gnoll is lightly wounded.
A gnoll comes into view. It is wielding a +0 spear.
A gnoll comes into view. It is wielding a +0 club.
2234 ||| Stepping ~*~*~tactically~*~*~ (hiding).
The bat hits you but does no damage.
You miss the bat. You claw the bat.
You kill the bat!
The gnoll closely misses you.
You barely miss the gnoll.
The gnoll hits you from afar with a +0 spear.
The gnoll hits you but does no damage.
You hit the gnoll. You claw the gnoll.
The gnoll is lightly wounded.
The gnoll hits you from afar with a +0 spear.
The gnoll hits you but does no damage.
You hit the gnoll.
The gnoll is heavily wounded.
A kobold comes into view. It is wielding a +0 dagger.
The gnoll hits you but does no damage.
The gnoll hits you from afar with a +0 spear.
The gnoll barely misses you.
You closely miss the gnoll. You claw the gnoll.
The gnoll is almost dead.
The gnoll hits you from afar with a +0 spear.
The gnoll misses you. The gnoll hits you but does no damage.
You closely miss the gnoll. You claw the gnoll, but do no damage.
The gnoll is almost dead.
The gnoll hits you from afar with a +0 spear. x2
The gnoll hits you with a +0 flail.
You die...

.# #.# ..
#.# #.##.#
#.#..#
#.#.##
#.#.#
#.###.#.#
#....^%.#
######.#@#
........g#
######g#g#
..gKg#
###.### #g
gg ##


You could see 5 gnolls and a kobold.

Vanquished Creatures
  Natasha (twice) (D:3)
  A worm (D:2)
  6 ball pythons
  5 endoplasms
  4 giant cockroaches
  7 goblins
  4 hobgoblins
  3 jackals (D:1)
  4 kobolds
  A quokka (D:1)
  4 bats
  6 frilled lizards
47 creatures vanquished.

Notes
Turn   | Place    | Note
-------+----------+-------------------------------------------
     0 | D:1      | qw the Tengu Warper began the quest for the Orb.
     0 | D:1      | Reached XP level 1. HP: 12/12 MP: 4/4
     0 | D:1      | 0 ||| qw: Version: 0.1-a-89-g26bdef1
     0 | D:1      | 0 ||| qw: Game counter: 2865
     0 | D:1      | 0 ||| qw: Always use a shield: true
     0 | D:1      | 0 ||| qw: God list: Okawaru
     0 | D:1      | 0 ||| qw: Allow faded altars: false
     0 | D:1      | 0 ||| qw: Do Orc after D:15 true
     0 | D:1      | 0 ||| qw: Do second Lair branch before Depths: true
     0 | D:1      | 0 ||| qw: Lair rune preference: random
     0 | D:1      | 0 ||| qw: Plans: Normal
     0 | D:1      | 0 ||| PLANNING D:1-11
   208 | D:1      | Found a faded altar of an unknown god.
   272 | D:1      | Reached XP level 2. HP: 15/17 MP: 6/6
   360 | D:1      | Reached skill level 3 in Axes
   384 | D:1      | 384 ||| Stepping ~*~*~tactically~*~*~ (stealth).
   391 | D:1      | 391 ||| Stepping ~*~*~tactically~*~*~ (stealth).
   393 | D:1      | 393 ||| Stepping ~*~*~tactically~*~*~ (stealth).
   506 | D:1      | 506 ||| Stepping ~*~*~tactically~*~*~ (stealth).
   536 | D:1      | 536 ||| Stepping ~*~*~tactically~*~*~ (stealth).
   554 | D:1      | Reached XP level 3. HP: 17/21 MP: 7/7
   723 | D:1      | 723 ||| UPGRADING to +0 ring mail.
   733 | D:1      | 733 ||| DROPPING +0 leather armour.
   734 | D:1      | 734 ||| DROPPING ring of magical power.
   735 | D:1      | 735 ||| UPGRADING to +4 ring of protection.
   736 | D:1      | 736 ||| UPGRADING to ring of willpower.
   737 | D:1      | 737 ||| READING scroll labelled YMOUSEFREI.
   738 | D:1      | 738 ||| READING 2 scrolls labelled SEASUCL NACIE.
   739 | D:1      | 739 ||| DRINKING 2 black potions.
   740 | D:1      | 740 ||| DROPPING scroll of blinking.
   741 | D:1      | 741 ||| DROPPING scroll of summoning.
   767 | D:2      | 767 ||| Stepping ~*~*~tactically~*~*~ (stealth).
   775 | D:2      | 775 ||| Stepping ~*~*~tactically~*~*~ (stealth).
   781 | D:2      | Reached skill level 4 in Axes
   817 | D:2      | 817 ||| Stepping ~*~*~tactically~*~*~ (stealth).
  1126 | D:2      | 1126 ||| DROPPING +0 whip.
  1269 | D:2      | Found a blossoming altar of Fedhas.
  1573 | D:2      | 1573 ||| UPGRADING to +0 scale mail.
  1583 | D:2      | 1583 ||| DROPPING +0 ring mail.
  1584 | D:2      | 1584 ||| READING scroll labelled INIBYOBREU.
  1585 | D:2      | 1585 ||| DRINKING 2 viscous amethyst potions.
  1618 | D:3      | Noticed Natasha
  1627 | D:3      | HP: 4/21 [Natasha/bolt of dispelling energy (6)]
  1631 | D:3      | Killed Natasha
  1632 | D:3      | Reached XP level 4. HP: 3/26 MP: 8/8
  2034 | D:3      | Noticed Natasha
  2035 | D:3      | 2035 ||| Stepping ~*~*~tactically~*~*~ (stealth).
  2036 | D:3      | 2036 ||| Stepping ~*~*~tactically~*~*~ (stealth).
  2037 | D:3      | 2037 ||| Stepping ~*~*~tactically~*~*~ (stealth).
  2038 | D:3      | 2038 ||| Stepping ~*~*~tactically~*~*~ (stealth).
  2046 | D:3      | Killed Natasha
  2047 | D:3      | Reached skill level 5 in Axes
  2234 | D:3      | 2234 ||| Stepping ~*~*~tactically~*~*~ (hiding).
  2240 | D:3      | HP: 1/26 [gnoll/+0 spear (6)]
  2240 | D:3      | Slain by a gnoll

Levels and vault maps discovered:
D:1:      minmay_arrival_hallway, layout_basic,
          shapermc_ecumenical_altar_notcrosses
D:2:      minmay_angry_zag, layout_rooms, serial_aquarium,
          aquarium_bridge_square [aquarium_subvault_window,
          aquarium_subvault_wall, aquarium_subvault_bridge,
          aquarium_subvault_window], aquarium_bridge_straight
          [aquarium_subvault_bridge, aquarium_subvault_wall,
          aquarium_subvault_bridge, aquarium_subvault_balcony],
          aquarium_window_fake, aquarium_window_corridor_3, aquarium_window_2,
          aquarium_window_fake, aquarium_view_2c, aquarium_view_2c,
          aquarium_balcony_5b, basic_altar
D:3:      layout_loops_ring, uniq_ijyb, uniq_crazy_yiuf_cottage, uniq_natasha

Skill      XL: |  1  2  3  4 |
---------------+-------------+-----
Axes           | 3 4 5 |  5.3
Fighting       | |  2.0
Throwing       | |  1.0
Armour         | |  1.1
Dodging        | |  2.1
Spellcasting   | |  2.0
Translocations | |  2.4

Action                   |  1- 3 |  4- 6 || total
-------------------------+-------+-------++-------
Melee: Hand axe          |    98 |    14 ||   112
       Kick              |    19 |     7 ||    26
       Peck              |    12 |     3 ||    15
Throw: Boomerang         |     7 |       ||     7
  Use: Scroll            |     3 |       ||     3
       Potion            |     2 |       ||     2
Armor: Leather armour    |     5 |       ||     5
       Ring mail         |    26 |       ||    26
       Scale mail        |     7 |     7 ||    14
Dodge: Dodged            |    43 |     7 ||    50

Table legend:
 A = Non-vault XP
 B = Vault XP
 C = Vault XP percentage of total XP
 D = Non-vault monster count
 E = Vault monster count
 F = Vault count percentage of total count
                 A         B        C        D         E       F
            +---------+---------+-------+---------+---------+-------
      Total |     105 |      45 |  30.0 |      40 |       7 |  14.9
            +---------+---------+-------+---------+---------+-------
        D:1 |      39 |       0 |   0.0 |      22 |       0 |   0.0
        D:2 |      25 |      10 |  28.6 |      14 |       6 |  30.0
        D:3 |      41 |      35 |  46.1 |       4 |       1 |  20.0
            +---------+---------+-------+---------+---------+-------
